 Dungeon Crawl Stone Soup version 0.29-a0-330-g52719c12eb (webtiles) character file.

Game seed: 9572013726453698614

3212 Napf2000 the Quickloader (level 9, -3/65 HPs)
             Began as a Demonspawn Hunter on May 1, 2022.
             Was a High Priest of Cheibriados.
             Killed from afar by Pikel the rime drake (20 damage)
             ... with a flash freeze
             ... on level 7 of the Dungeon.
             The game lasted 00:15:51 (7054 turns).

Napf2000 the Quickloader (Demonspawn Hunter)        Turns: 7054, Time: 00:15:51

Health: -3/65      AC: 14    Str: 24    XL:     9   Next: 65%
Magic:  9/9        EV: 13    Int: 23    God:    Cheibriados [*****.]
Gold:   486        SH:  4    Dex: 32    Spells: 8/8 levels left

rFire   . . .      SeeInvis +   a - +1 hand crossbow
rCold   . . .      Faith    .   (no shield)
rNeg    . . .      Spirit   .   q - +0 steam dragon scales
rPois   .          Reflect  .   e - +2 hat
rElec   .          Harm     .   i - +2 cloak
rCorr   .          Rampage  .   (no gloves)
Will    .....                   (no boots)
Stlth   +++.......              (no amulet)
HPRegen 0.20/turn               l - +4 ring of protection
MPRegen 0.11/turn               t - ring of see invisible

@: very slow
A: large bone plates 1, demonic magic 1, demonic touch 1
a: Renounce Religion, Bend Time, Temporal Distortion, Slouch, Step From Time


You were on level 7 of the Dungeon.
You worshipped Cheibriados.
Cheibriados was extremely pleased with you.
You visited 1 branch of the dungeon, and saw 7 of its levels.
You also visited: Sewer.

You collected 486 gold pieces.

Inventory:

Hand Weapons
 a - a +1 hand crossbow (weapon)
 u - a +5 spear of flaming
Armour
 b - a +0 leather armour
 e - a +2 hat (worn)
 i - a +2 cloak (worn)
 q - +0 steam dragon scales (worn)
 z - the -1 helmet of Kown {rPois rC- rCorr Str+5}
   (You found it on level 5 of the Dungeon)

   Str:       It affects your strength (+5).
   rC:        It makes you vulnerable to cold.
   rPois:     It protects you from poison.
   rCorr:     It protects you from acid and corrosion.
Jewellery
 l - a +4 ring of protection (left hand)
 o - a ring of positive energy
 t - a ring of see invisible (right hand)
Wands
 y - a wand of acid (17)
 A - a wand of flame (15)
 D - a wand of polymorph (6)
Scrolls
 c - 2 scrolls of immolation
 d - 2 scrolls of enchant weapon
 f - 3 scrolls of magic mapping
 h - 3 scrolls of fog
 m - 3 scrolls of teleportation
 v - a scroll of vulnerability
 B - 2 scrolls of holy word
Potions
 g - a potion of ambrosia
 j - a potion of haste
 k - 2 potions of mutation {unknown}
 n - a potion of curing
 p - 2 potions of lignification {unknown}
 s - a potion of cancellation
 w - a potion of might
 x - 2 potions of magic
 C - a potion of berserk rage {unknown}


   Skills:
 * Level 4.3 Fighting
 - Level 12.4 Crossbows
 - Level 1.7 Dodging
 - Level 0.8 Stealth
 * Level 0.9 Invocations


You had 8 spell levels left.
You didn't know any spells.
Your spell library contained the following spells:

 Spells                   Type           Power      Damage    Failure   Level
 Gell's Gravitas          Tloc           0%         N/A       43%         3
 Inner Flame              Hex/Fire       0%         N/A       43%         3
 Teleport Other           Tloc           0%         N/A       43%         3
 Cause Fear               Hex            0%         N/A       83%         4
 Summon Lightning Spire   Summ/Air       0%         N/A       83%         4
 Dispersal                Tloc           0%         N/A       100%        6
 Storm Form               Tmut/Air       0%         N/A       100%        7
 Discord                  Hex            0%         N/A       100%        8
 Maxwell's Capacitive Co  Air            0%         ∞         100%        8


Dungeon Overview and Level Annotations

Branches:
Dungeon (7/15)             Temple (0/1) D:5           Sewer (visited)

Altars:
Cheibriados
Fedhas
Xom

Shops:
D:5 :

Annotations:
D:6 1 runed translucent door, kae's ghost, novice DgFE
D:7 Pikel


Innate Abilities, Weirdness & Mutations

You are partially covered in large bone plates. (SH +4)
Spells you cast may paralyse adjacent enemies.
Your touch may inflict minor irresistible damage on your foes.


Message History

The iguana hisses angrily.
The iguana is severely wounded.
You shoot a bolt. The bolt hits the iguana!
You kill the iguana!
Cheibriados appreciates the change of pace.
No target in view!
No target in view!
You see here an iguana corpse.
You open the door.
There is an open door here.
You open the door.
Pikel and 3 lemures come into view.
Pikel is wielding a +2 whip of electrocution.
The lemure shouts! x2; Pikel shouts!
You shoot a bolt. The bolt hits Pikel!
Pikel is moderately wounded.
Pikel hits you but does no damage.
You are electrocuted!!
You shoot a bolt. The bolt closely misses Pikel.
Pikel hits you with a +2 whip of electrocution!
You are electrocuted!
You are too injured to fight recklessly!
You are too injured to fight recklessly!
Pikel hits you with a +2 whip of electrocution.
Pikel closely misses you. Pikel attacks as you move away!
Pikel closely misses you. Pikel hits you but does no damage.
You are electrocuted!!
* * * LOW HITPOINT WARNING * * *
You are too injured to fight recklessly!
Okay, then.
You feel much better.
Pikel hits you with a +2 whip of electrocution.
* * * LOW HITPOINT WARNING * * *
Okay, then.
Aiming: Polymorph
Press: ? - help, Shift-Dir - straight line, f/p - Pikel
Aim: Pikel, wielding a +2 whip of electrocution and wearing a +0 robe (moderately wounded, will become a black bear, a naga, or a rime drake, chance to affect: 49%) Pikel evaporates and reforms as a rime drake!
Pikel breathes ice at you. The flash freeze hits you!!
You die...

....##.# #.#.......#.#.#.
....##.####
#####.#.####..#.#.#.
...........
....................
....##.####
#####.#.#####.#.###.
....# # #...#.#.# #.#.#
#. ....#
#.#.#.#.#####.#.# #.
#...#
#.#.#<........#.###.
#####
#5#.#.#.###.......#.
#5#@#.#.#.'.......#.
#5#k#.#.#.#.......#.
###.##'#5#.#.#.+.........
##
.......55..#.###.......##
.# ####....####.#
#.......# .# #.....+ ..#
#.......# .# #.....#
#.......# .# #.....#
#....)..# .# #.....#
#####.......#


You could see Pikel the rime drake (catching breath) and 3 lemures.

Vanquished Creatures
  Sigmund (D:2)
  4 yaks (D:6)
  A water moccasin (D:5)
  2 sky beasts
  4 ice beasts
  A wolf (D:7)
  2 ogres
  A phantom (D:4)
  2 kobold brigands (Sewer)
  2 bullfrogs
  3 scorpions
  3 wights (D:7)
  6 howler monkeys
  4 hounds
  A jelly (D:6)
  Crazy Yiuf (D:2)
  2 iguanas
  Terence (D:2)
  An orc wizard (D:2)
  Natasha (thrice) (D:3)
  Robin (D:4)
  3 gnolls (D:4)
  9 adders
  2 river rats (Sewer)
  2 shadow imps (D:7)
  A white imp (D:5)
  2 ufetubi
  5 worms
  4 dart slugs
  8 orcs
  10 ball pythons
  7 bats
  7 endoplasms
  2 giant cockroaches (D:1)
  15 goblins
  9 hobgoblins
  11 jackals
  2 quokkas
  A frilled lizard (D:2)
  10 kobolds
  4 rats
160 creatures vanquished.

Vanquished Creatures (others)
  A sky beast (D:5)
1 creature vanquished.

Grand Total: 161 creatures vanquished

Notes
Turn   | Place    | Note
-------+----------+-------------------------------------------
     0 | D:1      | Napf2000 the Demonspawn Hunter began the quest for the Orb.
     0 | D:1      | Reached XP level 1. HP: 16/16 MP: 1/1
   249 | D:1      | Reached skill level 4 in Crossbows
   249 | D:1      | Gained mutation: Spells you cast may paralyse adjacent
                  | enemies. [demonic ancestry]
   249 | D:1      | Reached XP level 2. HP: 22/22 MP: 2/2
   643 | D:1      | Reached XP level 3. HP: 27/27 MP: 3/3
   999 | D:2      | Found a runed translucent door.
  1000 | D:2      | Noticed Crazy Yiuf
  1218 | D:2      | Noticed Sigmund
  1234 | D:2      | Reached skill level 5 in Crossbows
  1234 | D:2      | Reached XP level 4. HP: 14/33 MP: 4/4
  1249 | D:2      | Killed Sigmund
  1250 | D:2      | Reached skill level 6 in Crossbows
  1250 | D:2      | Reached XP level 5. HP: 2/38 MP: 5/5
  1571 | D:2      | Found a faded altar of an unknown god.
  1571 | D:2      | Noticed a floating eye
  1574 | D:2      | Noticed a great orb of eyes
  1574 | D:2      | Noticed a floating eye
  1574 | D:2      | Noticed a shining eye
  1592 | D:2      | Prayed at the altar of an unknown god.
  1592 | D:2      | Became a worshipper of Cheibriados the Contemplative
  1592 | D:2      | Reached * piety under Cheibriados
  1642 | D:2      | Noticed Terence
  1652 | D:2      | Killed Terence
  2256 | D:2      | Killed Crazy Yiuf
  2257 | D:2      | Reached XP level 6. HP: 42/44 MP: 6/6
  2311 | D:3      | Noticed Natasha
  2319 | D:3      | Killed Natasha
  2445 | D:3      | Noticed Natasha
  2450 | D:3      | Killed Natasha
  2451 | D:3      | Reached skill level 7 in Crossbows
  2613 | D:3      | Found a blossoming altar of Fedhas.
  2663 | D:3      | Reached ** piety under Cheibriados
  3039 | D:3      | Noticed Natasha
  3051 | D:3      | Killed Natasha
  3364 | D:4      | Reached XP level 7. HP: 50/50 MP: 7/7
  3423 | D:4      | Noticed Robin
  3430 | D:4      | Killed Robin
  3444 | D:4      | Reached skill level 8 in Crossbows
  3491 | D:4      | Reached *** piety under Cheibriados
  3973 | D:5      | Entered Level 5 of the Dungeon
  3988 | D:5      | Found a glowing drain.
  3999 | Sewer    | Entered a sewer
  4280 | Sewer    | Reached **** piety under Cheibriados
  4505 | Sewer    | Reached skill level 9 in Crossbows
  4691 | D:5      | Found Bustatt's Book Boutique.
  4705 | D:5      | You fall into a shaft and drop 1 floor!
  4749 | D:6      | Gained mutation: Your touch may inflict minor irresistible
                  | damage on your foes. [demonic ancestry]
  4749 | D:6      | Reached XP level 8. HP: 49/56 MP: 8/8
  4902 | D:5      | Identified the -1 helmet of Kown {rPois rC- rCorr Str+5}
  5123 | D:5      | Found a staircase to the Ecumenical Temple.
  5132 | D:5      | Reached skill level 10 in Crossbows
  5536 | D:6      | Reached skill level 11 in Crossbows
  5552 | D:6      | Gained mutation: You are partially covered in large bone
                  | plates. (SH +4) [demonic ancestry]
  5552 | D:6      | Reached XP level 9. HP: 26/61 MP: 9/9
  5787 | D:6      | Reached ***** piety under Cheibriados
  5889 | D:6      | Found a runed translucent door.
  5892 | D:6      | Found a shimmering altar of Xom.
  5892 | D:6      | Noticed kae's ghost (novice DgFE)
  5894 | D:6      | Noticed a +2 dagger of chaos
  6357 | D:7      | Reached skill level 12 in Crossbows
  6509 | D:7      | Noticed Maggie
  6510 | D:7      | Noticed Maggie
  6510 | D:7      | Maggie changed into Maggie the wolf
  6513 | D:7      | Killed Maggie the wolf
  7047 | D:7      | Noticed Pikel
  7052 | D:7      | HP: 3/65 [Pikel/+2 whip of electrocution (18)]
  7054 | D:7      | Noticed Pikel
  7054 | D:7      | Pikel changed into Pikel the rime drake
  7054 | D:7      | Killed from afar by Pikel the rime drake

Illustrated notes

Levels and vault maps discovered:
D:1:      evilmike_arrival_fibonacci_small, layout_basic, nrook_uturn
D:2:      layout_loops_corners, hellmonk_ecumenical_altar_watching_god,
          uniq_sigmund, uniq_crazy_yiuf_cottage, uniq_terence
D:3:      layout_basic, fedhas_ov_isle_minmay, minmay_cut_off, uniq_natasha
D:4:      layout_loops_ring, uniq_robin
D:5:      layout_basic, minmay_temple_entry_ruins, serial_shops, shop,
          cheibrodos_sewer_entry_sluice
D:6:      layout_basic, ebering_ghost_xom, minivault_22, lemuel_old_faithful
D:7:      layout_basic, uniq_maggie, uniq_pikel

Skill      XL: |  1  2  3  4  5  6  7  8  9 |
---------------+----------------------------+-----
Crossbows      | 4 5 6 7 9 11 12 | 12.4
Fighting       | 4 |  4.3
Dodging        | |  1.7
Stealth        | |  0.8
Invocations    | |  0.9

Action                   |  1- 3 |  4- 6 |  7- 9 || total
-------------------------+-------+-------+-------++-------
 Fire: Hand crossbow     |    64 |   111 |   392 ||   567
Evoke: Wand              |       |       |     2 ||     2
  Use: Scroll            |     4 |     5 |     9 ||    18
       Potion            |       |       |     1 ||     1
Armor: Leather armour    |    16 |    18 |    50 ||    84
       Steam dragon scal |       |       |     6 ||     6
Dodge: Dodged            |    11 |    16 |    96 ||   123
Block: Other             |       |       |     6 ||     6

Table legend: (Time is in decaauts)
 A = Elapsed time spent in this place.
 B = Non-inter-level travel time spent in this place.
 C = Inter-level travel time spent in this place.
 D = Time resting spent in this place.
 E = Time spent auto-exploring this place.
 F = Levels seen in this place.
 G = Mean time per level.
                   A        B        C        D        E       F      G
               +--------+--------+--------+--------+--------+-----+--------+
         Total |   9768 |   9568 |    200 |    729 |   7273 |   8 | 1221.0 |
       Dungeon |   8785 |   8585 |    200 |    729 |   6485 |   7 | 1255.0 |
         Sewer |    983 |    983 |      0 |      0 |    788 |   1 |  983.0 |
               +--------+--------+--------+--------+--------+-----+--------+

Top non-repeatable levels by time:
     D:2: 1568 daAuts
     D:6: 1552 daAuts
     D:4: 1264 daAuts
     D:7: 1170 daAuts
     D:5: 1169 daAuts
     D:3: 1091 daAuts
   Sewer: 983 daAuts
     D:1: 969 daAuts
